 Dungeon Crawl Stone Soup version 0.28-a0-537-g3bccd9ccbf (webtiles) character file.

Game seed: 7222954050617851442

98 lunkers the Skirmisher (level 5, -2/41 HPs)
             Began as a Djinni Cinder Acolyte on Sept 27, 2021.
             Was a High Priest of Ignis.
             Slain by Edmund (12 damage)
             ... on level 3 of the Dungeon.
             The game lasted 00:05:11 (2976 turns).

lunkers the Skirmisher (Djinni Cinder Acolyte)      Turns: 2976, Time: 00:05:12

Health: -2/41      AC:  2    Str: 13    XL:     5   Next: 0%
Gold:   108        EV: 10    Int: 17    God:    Ignis [*****.] SH:  2 Dex:  8

rFire   + + +      SeeInvis .   d - +1 dagger (protect)
rCold   x . .      Faith    .   g - +0 buckler
rNeg    . . .      Spirit   .   b - +0 robe
rPois   ∞          Reflect  .   (no helmet)
rElec   .          Harm     .   (no cloak)
rCorr   .          Rampage  .   (no gloves)
Will    .....                   (boots unavailable)
Stlth   +.........              (no amulet)
HPRegen 0.13/turn               (no ring)
MPRegen 0.00/turn               (no ring)

@: flying
A: sickness immunity, fire resistance 2, cold vulnerability 1, float, innate
caster, hp casting, extra vitality 1
a: Renounce Religion, Sea of Fire, Foxfire Swarm, Rising Flame


You were on level 3 of the Dungeon.
You worshipped Ignis.
Ignis was extremely pleased with you.
You visited 1 branch of the dungeon, and saw 4 of its levels.

You collected 108 gold pieces.

Inventory:

Hand Weapons
 a - a -1 falchion of flaming
 d - a +1 dagger of protection (weapon)
Missiles
 l - 6 poisoned darts
Armour
 b - a +0 robe (worn)
 g - a +0 buckler (worn)
Jewellery
 m - a +6 ring of intelligence
Scrolls
 c - 2 scrolls of identify {unknown}
 e - 2 scrolls of immolation {unknown}
 h - a scroll of acquirement {unknown}
 j - 2 scrolls of fog {unknown}
 n - a scroll of blinking {unknown}
Potions
 f - a potion of lignification {unknown}
 i - a potion of berserk rage {unknown}
 k - a potion of curing {unknown}
 o - a potion of cancellation {unknown}
 p - 2 potions of heal wounds {unknown}


   Skills:
 + Level 3.8 Fighting
 - Level 2.6 Long Blades
 * Level 3.6 Spellcasting


You had 6 spell levels left.
You knew the following spells:

 Your Spells              Type           Power      Damage    Failure   Level
a - Foxfire               Conj/Fire      60%        2x1d7     6%          1
b - Ensorcelled Hibernat  Hex/Ice        30%        N/A       10%         2
p - Scorch                Fire           30%        2d6       10%         2
Your spell library was empty.

Dungeon Overview and Level Annotations

Branches:
Dungeon (4/15)
 Temple: D:4-7

Altars:

Annotations:
D:3 Edmund


Innate Abilities, Weirdness & Mutations

You are immune to sickness and miasma.
You are immune to poison.
Your flesh is very heat resistant. (rF++)
You are vulnerable to cold. (rC-)
You float through the air rather than walking.
You learn spells naturally, not from books.
Your magical power is your life essence.
You have superior vitality. (+4 HP)


Message History

Press: ? - help, Q - select action, (/) - cycle Dir - look around, f - activate Flames lash Edmund.
Edmund is burned terribly!
Edmund is moderately wounded.
Edmund barely misses you.
Casting: Scorch (safe; 10% risk of failure)
Press: ? - help, Q - select action, (/) - cycle Dir - look around, f - activate Flames lash Edmund but do no damage.
* * * LOW HITPOINT WARNING * * *
Edmund closely misses you.
Casting: Scorch (safe; 10% risk of failure)
Press: ? - help, Q - select action, (/) - cycle Dir - look around, f - activate Flames lash Edmund.
Edmund is moderately wounded.
* * * LOW HITPOINT WARNING * * *
Edmund is no longer more vulnerable to fire.
Edmund hits you with a +0 flail of draining.
* * * LOW HITPOINT WARNING * * *
Casting: Scorch (safe; 10% risk of failure)
Press: ? - help, Q - select action, (/) - cycle Dir - look around, f - activate Flames lash Edmund.
Edmund is heavily wounded.
Edmund's fire resistance burns away.
* * * LOW HITPOINT WARNING * * *
Edmund hits you with a +0 flail of draining.
* * * LOW HITPOINT WARNING * * *
Unknown command.
Casting: Scorch (safe; 10% risk of failure)
Press: ? - help, Q - select action, (/) - cycle Dir - look around, f - activate Flames lash Edmund.
Edmund is burned terribly!
Edmund is heavily wounded.
* * * LOW HITPOINT WARNING * * *
Edmund barely misses you.
Unknown command.
Unknown command.
Casting: Scorch (safe; 10% risk of failure)
Press: ? - help, Q - select action, (/) - cycle Dir - look around, f - activate Flames lash Edmund but do no damage.
* * * LOW HITPOINT WARNING * * *
Edmund hits you with a +0 flail of draining!
You die...

#.#.#.#.....................#
##...#.#......#######......#.#
.....#.#......#######....#.#.#
####.#...................#.#.#
#.#####.###########..##.#+####
#.# #.#....#........#.......
#.#####.#.##.#........#.......
#.....................#.......
########.#....@@...............
#........#....#######.###......
###.########....# #>.........
....########..#.# ###########
....#.........#.# ############
....#.#######.#.# #.(........#
....#)).).....#.# #..........#
......######..#.######..........'
....#.# #..#.........<.......#


You could see Edmund (combustible).

Vanquished Creatures
  An orc priest (D:3)
  An orc wizard (D:3)
  2 orcs (D:3)
  2 bats (D:1)
  3 endoplasms
  A giant cockroach (D:3)
  2 goblins
  4 hobgoblins
  6 kobolds
  4 quokkas
  5 ball pythons
  4 frilled lizards
  4 rats
39 creatures vanquished.

Notes
Turn   | Place    | Note
-------+----------+-------------------------------------------
     0 | D:1      | lunkers the Djinni Cinder Acolyte began the quest for the
                  | Orb.
     0 | D:1      | Reached XP level 1. HP: 20/20 MP: 0/0
   189 | D:1      | Reached XP level 2. HP: 12/25 MP: 0/0
   984 | D:2      | Reached XP level 3. HP: 21/30 MP: 0/0
   984 | D:2      | Learned a level 1 spell: Foxfire
  1592 | D:2      | Found a faded altar of an unknown god.
  2307 | D:3      | Reached XP level 4. HP: 17/37 MP: 0/0
  2676 | D:3      | Reached XP level 5. HP: 39/41 MP: 0/0
  2676 | D:3      | Learned a level 2 spell: Ensorcelled Hibernation
  2956 | D:4      | Noticed Edmund
  2956 | D:4      | Noticed a necrophage
  2956 | D:4      | Noticed an ogre
  2958 | D:4      | Noticed an ogre
  2976 | D:3      | Slain by Edmund

Illustrated notes

Levels and vault maps discovered:
D:1:      minmay_arrival_widening_spiral_wide, layout_rooms
D:2:      layout_loops_ring, ebering_ecumenical_altar_hall,
          minmay_misc_feat_square
D:3:      layout_basic
D:4:      layout_basic, uniq_edmund, uniq_sigmund, uniq_pikel

Skill      XL: |  1  2  3 |
---------------+----------+-----
Spellcasting   | 3 |  3.6
Fighting       | |  3.8
Long Blades    | |  2.6

Action                   |  1- 3 |  4- 6 || total
-------------------------+-------+-------++-------
Melee: Dagger            |    52 |       ||    52
       Falchion          |     5 |       ||     5
 Cast: Scorch            |    33 |    16 ||    49
Armor: Robe              |    32 |     1 ||    33
Dodge: Dodged            |    46 |     3 ||    49
Block: Buckler           |     4 |       ||     4

Table legend: (Time is in decaauts)
 A = Elapsed time spent in this place.
 B = Non-inter-level travel time spent in this place.
 C = Inter-level travel time spent in this place.
 D = Time resting spent in this place.
 E = Time spent auto-exploring this place.
 F = Levels seen in this place.
 G = Mean time per level.
                   A        B        C        D        E       F      G
               +--------+--------+--------+--------+--------+-----+--------+
         Total |   2973 |   2914 |     59 |      3 |   2563 |   4 |  743.2 |
       Dungeon |   2973 |   2914 |     59 |      3 |   2563 |   4 |  743.2 |
               +--------+--------+--------+--------+--------+-----+--------+

Top non-repeatable levels by time:
     D:2: 1151 daAuts
     D:3: 1137 daAuts
     D:1: 679 daAuts
     D:4: 4 daAuts
